 Dungeon Crawl Stone Soup version 0.30-a0-1160-g6e42c06551 (webtiles) character file.

Game seed: 13146329944554590740

385 Anamonty the Stinger (level 6, -1/36 HPs)
             Began as an Octopode Venom Mage on Apr 26, 2023.
             Slain by a gnoll
             ... wielding a +0 flail
             ... led by a gnoll bouda
              (10 damage)
             ... on level 5 of the Dungeon.
             The game lasted 00:06:26 (3291 turns).

Anamonty the Stinger (Octopode Venom Mage)          Turns: 3291, Time: 00:06:26

Health: -1/36      AC:  1    Str:  9    XL:     6   Next: 77%
Magic:  0/11       EV: 14    Int: 17    God:
Gold:   112        SH:  0    Dex: 13    Spells: 7/12 levels left

rFire   . . .        (no weapon)
rCold   + + .        (no shield)
rNeg    . . .        (helmet restricted)
rPois   .            (no amulet)
rElec   .            f - ring of protection from cold
rCorr   .            g - ring of protection from cold
SInv    .            p - +4 ring of slaying
Will    .....        (no ring)
Stlth   +++          (no ring)
HPRegen 0.26/turn    (no ring)
MPRegen 0.12/turn    (no ring)
                     (no ring)

%: no passive effects
@: no status effects
A: almost no armour, amphibious, 8 rings, camouflage 1, gelatinous body 1,
(nimble swimmer 1), tentacles
a: no special abilities


You were on level 5 of the Dungeon.
You visited 1 branch of the dungeon, and saw 5 of its levels.

You collected 136 gold pieces.
You spent 24 gold pieces at shops.

Inventory:

Jewellery
 f - a ring of protection from cold (left tentacle)
 g - a ring of protection from cold (right tentacle)
 p - a +4 ring of slaying (on tentacle)
Scrolls
 d - a scroll of identify
 e - a scroll of fog
 j - a scroll of immolation {unknown}
 l - 2 scrolls of noise {unknown}
 m - a scroll of amnesia {unknown}
 n - a scroll of teleportation {unknown}
 s - a scroll of brand weapon {unknown}
 t - a scroll of enchant armour {unknown}
 w - a scroll of blinking {unknown}
Potions
 a - a potion of magic
 b - a potion of mutation
 c - a potion of haste {unknown}
 h - a potion of curing {unknown}
 i - 2 potions of cancellation
 k - a potion of flight {unknown}
 o - a potion of heal wounds {unknown}
 q - a potion of ambrosia {unknown}
 r - a potion of lignification {unknown}
 u - a potion of invisibility {unknown}
 v - a potion of attraction {unknown}
 x - 2 potions of might


   Skills:
 + Level 3.8 Dodging
 - Level 2.6 Stealth
 + Level 3.5 Spellcasting
 - Level 1.0 Transmutations
 * Level 6.7 Poison Magic


You had 7 spell levels left.
You knew the following spells:

 Your Spells              Type           Power      Damage    Failure   Level
a - Sting                 Tmut/Pois      64%        1d6       3%          1
b - Olgreb's Toxic Radia  Pois           26%        N/A       10%         4

Your spell library contained the following spells:

 Spells                   Type           Power      Damage    Failure   Level
 Poisonous Vapours        Pois/Air       28%        N/A       6%          2
 Mephitic Cloud           Conj/Pois/Air  10%        N/A       21%         3
 Blink                    Tloc           6%         N/A       26%         2
 Lesser Beckoning         Tloc           6%         N/A       26%         2
 Momentum Strike          Conj/Tloc      6%         3d8       26%         2


Dungeon Overview and Level Annotations

Branches:
Dungeon (5/15)             Temple (0/1) D:5

Altars:
Uskayaw

Shops:
D:2 *   D:3 (

Annotations:
D:3 3 runed translucent doors, Numeracy's ghost, amateur GrFi; anet's ghost, amateur DECj


Innate Abilities, Weirdness & Mutations

You cannot wear most types of armour.
You are amphibious.
You can wear up to eight rings at the same time.
Your skin changes colour to match your surroundings (Stealth+).
Your rubbery body absorbs attacks. (AC +1, EV +1)
((You are camouflaged when in or above water. (Stealth+)))
You have tentacles for arms and can constrict up to eight enemies at once.


Message History

You tentacle-slap the gnoll but do no damage.
Your grab misses the gnoll.
The gnoll is heavily wounded.
An orc comes into view. It is wielding a +0 hand axe.
The gnoll barely misses you. The gnoll hits you with a +0 whip!
The orc shouts!
You tentacle-slap the gnoll.
You kill the gnoll!
You hear a shout!
The gnoll hits you from afar with a +2 spear of freezing.
An orc comes into view. It is wielding a +0 short sword.
Unknown command.
The gnoll hits you from afar with a +2 spear of freezing.
The orc moves out of view.
Things that are here:
a +0 whip; a gnoll corpse The gnoll attacks as you move away!
The gnoll hits you with a +0 flail!
* * * LOW HITPOINT WARNING * * *
An orc comes into view. It is wielding a +0 trident.
The gnoll is no longer moving quickly.
The orc moves out of view.
The gnoll completely misses you.
The gnoll is no longer moving quickly.
Found 9 gold pieces.
Found 15 gold pieces.
Casting: Sting (safe; 3% risk of failure)
Confirm with . or Enter, or press ? or * to list all spells.
The spell is quite dangerous to miscast (11% risk of failure)!
Continue anyway?
You begin to radiate toxic energy.
The orc is poisoned. x3
The gnoll is poisoned. x2; The orc looks even sicker. x2
The gnoll looks even sicker.
The gnoll misses you. The gnoll barely misses you.
Unknown command.
You kill the orc!
The orc looks even sicker.
You kill the orc!
You kill the orc!
The gnoll looks even sicker.
Your toxic aura wanes.
You kill the gnoll!
The gnoll attacks as you move away! The gnoll hits you with a +0 flail!
You die...

.....#..........
#.....................
##....................
.##.....................
..†..............$......
.##..)#).....##.$...$...
.##..)<..†.$###.........
.....##.....###.........
.#......)....##g@...#
##...§..##.))......#
#oo.§...)...........#
....................##
...................##
....................#
...................###
..........#..###
........######


You could see a gnoll (poisoned).

Vanquished Creatures
  A scorpion (D:5)
  A hound (D:5)
  An orc priest (D:5)
  A gnoll bouda (D:5)
  Robin (D:2)
  7 gnolls
  6 adders
  4 worms
  A dart slug (D:1)
  7 orcs
  6 bats
  7 endoplasms
  A giant cockroach (D:1)
  13 goblins
  9 hobgoblins
  2 jackals (D:2)
  5 quokkas
  6 ball pythons
  6 frilled lizards
  5 kobolds
  A rat (D:1)
91 creatures vanquished.

Notes
Turn   | Place    | Note
-------+----------+-------------------------------------------
     0 | D:1      | Anamonty the Octopode Venom Mage began the quest for the
                  | Orb.
     0 | D:1      | Reached XP level 1. HP: 11/11 MP: 3/3
    93 | D:1      | Reached skill level 4 in Poison Magic
    93 | D:1      | Reached XP level 2. HP: 16/17 MP: 1/5
   157 | D:1      | You fall into a shaft and drop 1 floor!
   442 | D:1      | Reached XP level 3. HP: 13/21 MP: 3/6
   842 | D:2      | Found Ymmidwye's General Store.
   850 | D:2      | Bought a scroll of identify for 24 gold pieces
   947 | D:2      | Reached XP level 4. HP: 17/27 MP: 5/7
  1430 | D:1      | Learned a level 4 spell: Olgreb's Toxic Radiance
  1613 | D:2      | Reached skill level 5 in Poison Magic
  1729 | D:3      | Found a hide-covered altar of Uskayaw.
  1814 | D:3      | Identified the +2 helmet of Eternal Night {rF++ rN++ Str+3}
  1814 | D:3      | Noticed Robin
  1829 | D:2      | Killed Robin
  1830 | D:2      | Reached XP level 5. HP: 21/31 MP: 0/9
  2046 | D:3      | Found Kotwotru's Antique Weapon Shoppe.
  2101 | D:3      | Found a runed translucent gate.
  2102 | D:3      | Found a runed translucent gate.
  2103 | D:3      | Found a runed translucent gate.
  2104 | D:3      | Noticed Numeracy's ghost (amateur GrFi)
  2104 | D:3      | Noticed anet's ghost (amateur DECj)
  3160 | D:5      | Entered Level 5 of the Dungeon
  3170 | D:5      | Reached skill level 6 in Poison Magic
  3170 | D:5      | Noticed a phantom
  3234 | D:5      | Reached XP level 6. HP: 36/36 MP: 3/11
  3267 | D:5      | Found a staircase to the Ecumenical Temple.
  3291 | D:5      | Slain by a gnoll

Illustrated notes

Levels and vault maps discovered:
D:1:      wander_arrival_desolate, layout_basic, minmay_tripent
D:2:      layout_basic, serial_shops, shop
D:3:      layout_basic, nicolae_uskayaw_suspiria, gammafunk_ghost_cemetery,
          serial_shops, shop, uniq_robin
D:4:      layout_cave_pools
D:5:      layout_cave_pools, nicolae_dithmenos_shadow_blocks,
          gammafunk_temple_overflow_wave, minmay_temple_entry_purple_smoke,
          minivault_26

Skill      XL: |  1  2  3  4  5 |
---------------+----------------+-----
Poison Magic   | 4 5 6 |  6.7
Dodging        | 3 |  3.8
Spellcasting   | 3 |  3.5
Stealth        | |  2.6
Transmutations | |  1.0

Action                     |  1- 3 |  4- 6 || total
---------------------------+-------+-------++-------
  Melee: Unarmed           |    76 |    49 ||   125
         Constrict         |    17 |    18 ||    35
         Tentacles         |    18 |    17 ||    35
         Punch             |     5 |     1 ||     6
   Cast: Sting             |    29 |    32 ||    61
         Olgreb's Toxic Ra |       |    13 ||    13
    Use: Scroll            |     3 |       ||     3
   Stab: Sleeping          |     1 |     4 ||     5
         Distracted        |       |     1 ||     1
 Armour: Skin              |     5 |     5 ||    10
  Dodge: Dodged            |    59 |    30 ||    89

Table legend: (Time is in decaauts)
 A = Elapsed time spent in this place.
 B = Non-inter-level travel time spent in this place.
 C = Inter-level travel time spent in this place.
 D = Time resting spent in this place.
 E = Time spent auto-exploring this place.
 F = Levels seen in this place.
 G = Mean time per level.
                   A        B        C        D        E       F      G
               +--------+--------+--------+--------+--------+-----+--------+
         Total |   3291 |   3211 |     80 |      0 |   2463 |   5 |  658.2 |
       Dungeon |   3291 |   3211 |     80 |      0 |   2463 |   5 |  658.2 |
               +--------+--------+--------+--------+--------+-----+--------+

Top non-repeatable levels by time:
     D:2: 1071 daAuts
     D:3: 856 daAuts
     D:1: 694 daAuts
     D:4: 591 daAuts
     D:5: 77 daAuts
